 Dungeon Crawl Stone Soup version 0.30.1-11-g7821555f0a (webtiles) character file.

Game seed: 7644179800720268901

3833 RancidPinata the Fighter (level 10, -2/66 HPs)
             Began as a Gargoyle Gladiator on Nov 10, 2023.
             Slain by a profane servitor
             ... wielding a +1 whip
              (4 damage)
             ... on level 2 of the Abyss on Nov 14, 2023.
             The game lasted 00:37:41 (7630 turns).

RancidPinata the Fighter (Gargoyle Gladiator)       Turns: 7630, Time: 00:37:42

Health: -2/66      AC: 16    Str: 20    XL:     10   Next: 18%
Magic:  10/10      EV: 18    Int: 11    God:
Gold:   151        SH:  0    Dex: 11    Spells: 8/9 levels left

rFire   + . .        G - +3 flail (protect)
rCold   . . .        (no shield)
rNeg    + . .        t - +1 leather armour {rF+}
rPois   ∞            v - +0 helmet
rElec   +            b - +0 cloak
rCorr   .            (no gloves)
SInv    .            i - +1 pair of boots {Fly}
Will    .....        (no amulet)
Stlth   +            o - ring of flight
HPRegen 0.31/turn    E - +5 ring of evasion
MPRegen 0.12/turn

%: no passive effects
@: flying, wreathed by umbra
A: sickness immunity, AC +7, negative energy resistance 1, electricity
resistance, torment resistance 1, petrification resistance
a: no special abilities


You were on level 2 of the Abyss.
You visited 1 branch of the dungeon, and saw 8 of its levels.
You visited the Abyss 1 time.
You also visited: Ossuary.

You collected 323 gold pieces.
You spent 172 gold pieces at shops.

Inventory:

Hand Weapons
 d - a +3 whip of flaming
 G - a +3 flail of protection (weapon)
Missiles
 l - a javelin
 p - 5 poisoned darts (quivered)
 r - 10 boomerangs
 D - 15 stones
Armour
 b - a +0 cloak (worn)
 i - a +1 pair of boots of flying (worn)
 t - a +1 leather armour of fire resistance (worn)
 v - a +0 helmet (worn)
Jewellery
 o - a ring of flight (left hand)
 y - a ring of positive energy
 E - a +5 ring of evasion (right hand)
Scrolls
 a - a scroll of magic mapping {unknown}
 e - 3 scrolls of teleportation
 f - 7 scrolls of identify
 g - a scroll of immolation {unknown}
 j - a scroll of noise {unknown}
 k - 5 scrolls of enchant armour
 q - a scroll of brand weapon {unknown}
 u - a scroll of amnesia
 C - a scroll of blinking {unknown}
Potions
 c - a potion of curing
 h - a potion of lignification {unknown}
 m - 2 potions of resistance
 n - 2 potions of heal wounds
 s - 2 potions of flight {unknown}
 w - 3 potions of invisibility
 x - a potion of haste {unknown}
 z - 2 potions of brilliance {unknown}
 A - 2 potions of cancellation {unknown}
 B - a potion of might {unknown}
 F - 3 potions of magic {unknown}


   Skills:
 * Level 9.6 Fighting
 + Level 6.6 Maces & Flails
 + Level 5.7 Throwing
 + Level 6.4 Armour
 - Level 5.0 Dodging


You had 8 spell levels left.
You knew the following spells:

 Your Spells              Type           Power      Damage    Failure   Level
a - Sandblast             Erth           0%         2d4       38%         1

Your spell library contained the following spells:

 Spells                   Type           Power      Damage    Failure   Level
 Apportation              Tloc           0%         N/A       38%         1
 Necrotise                Necr           0%         1d4       38%         1
 Summon Small Mammal      Summ           0%         N/A       38%         1
 Static Discharge         Conj/Air       0%         2-2/arc   52%         2
 Dazzling Flash           Conj/Hex       0%         N/A       77%         3
 Portal Projectile        Hex/Tloc       0%         N/A       77%         3
 Summon Guardian Golem    Hex/Summ       0%         N/A       77%         3
 Tukima's Dance           Hex            0%         N/A       77%         3
 Airstrike                Air            0%         2d(0-16)  99%         4
 Summon Lightning Spire   Summ/Air       0%         N/A       99%         4
 Agony                    Necr           0%         N/A       100%        5
 Blade Hands              Tmut           0%         N/A       100%        5
 Silence                  Hex/Air        0%         N/A       100%        5
 Orb of Destruction       Conj           0%         9d5       100%        7
 Spellforged Servitor     Conj/Summ      0%         N/A       100%        7


Dungeon Overview and Level Annotations

Branches:
Dungeon (8/15)            Ossuary (visited)
 Temple: D:4-7         Lair: D:8-11

Altars:
Yredelemnul
Jiyva

Shops:
D:7 [

Annotations:
D:5 1 runed translucent door, ChrisAssaf's ghost, novice DjIE
D:8 2 transporters, Psyche


Innate Abilities, Weirdness & Mutations

You are immune to sickness and miasma.
Your stone body is resilient. (AC +7)
You are immune to poison.
You resist negative energy. (rN+)
You are resistant to electric shocks. (rElec)
You are resistant to unholy torment.
You are immune to petrification.


Message History

The sky beast hits you but does no damage.
You sock the sky beast!
Your weapon exudes an aura of protection.
The sky beast is heavily wounded.
The sky beast closely misses you.
You hit the sky beast.
The sky beast is severely wounded.
The sky beast closely misses you.
You sock the sky beast!
You kill the sky beast!
There is a corrupted altar of Lugonu here.
Found a gateway leading deeper into the Abyss.
An orange demon comes into view.
The orange demon screeches!
There is a gateway leading deeper into the Abyss here.
Something hits you but does no damage.
Deactivating autopickup; reactivate with Ctrl-A.
You plunge deeper into the Abyss.
Reactivating autopickup.
A profane servitor comes into view. It is wielding a +1 whip.
The profane servitor misses you.
The profane servitor hits you but does no damage.
The profane servitor attacks as you move away!
The profane servitor hits you with a +1 whip!
The profane servitor hits you but does no damage.
The profane servitor hits you with a +1 whip!!
The profane servitor hits you but does no damage.
The profane servitor hits you with a +1 whip! x2
* * * LOW HITPOINT WARNING * * *
You barely miss the profane servitor.
The profane servitor hits you with a +1 whip.
* * * LOW HITPOINT WARNING * * *
The profane servitor hits you but does no damage.
You closely miss the profane servitor.
The profane servitor hits you with a +1 whip.
* * * LOW HITPOINT WARNING * * *
The profane servitor hits you with a +1 whip!
* * * LOW HITPOINT WARNING * * *
The profane servitor hits you with a +1 whip.
You die...

####.#...#..# . .
.#.......### .#
#....#..#.......
#....#.#.## . ..
#.......#.. ..
#.#.....#.. .
#....#..# ....
.###.###A######.
.
.......@.........
................
##..##..##..##..
#. #..# ..# ....
.... ..... ....
.##..# .##. #..#


You could see a profane servitor.

Vanquished Creatures
  Pikel (D:4)
  Prince Ribbit (D:7)
  2 water moccasins
  A small abomination (Abyss:1)
  2 sky beasts
  A black bear (D:5)
  An ice beast (D:7)
  An ogre (D:5)
  4 phantoms
  4 elf zombies (Ossuary)
  A kobold brigand (D:7)
  4 bullfrogs
  3 scorpions (D:4)
  4 killer bees (D:8)
  4 hounds
  A human zombie (Ossuary)
  7 centaur zombies (Ossuary)
  2 gnoll boudas
  2 jellies
  2 iguanas
  A sleepcap (D:6)
  7 orc wizards
  3 mummies (Ossuary)
  15 gnolls
  15 adders
  2 dart slugs
  13 orcs
  8 bats
  9 endoplasms
  3 goblins
  9 hobgoblins
  9 jackals
  11 kobolds
  6 quokkas
  5 ball pythons
  3 frilled lizards
  3 rats
170 creatures vanquished.

Notes
Turn   | Place    | Note
-------+----------+-------------------------------------------
     0 | D:1      | RancidPinata the Gargoyle Gladiator began the quest for the
                  | Orb.
     0 | D:1      | Reached XP level 1. HP: 12/12 MP: 1/1
   125 | D:1      | Reached XP level 2. HP: 18/18 MP: 2/2
   834 | D:2      | Reached XP level 3. HP: 22/22 MP: 3/3
   923 | D:2      | Reached skill level 1 in Armour
   980 | D:2      | Reached skill level 3 in Fighting
  1535 | D:3      | Reached XP level 4. HP: 28/28 MP: 4/4
  1711 | D:3      | Noticed a bullfrog
  1727 | D:3      | Killed a bullfrog
  1728 | D:3      | Reached XP level 5. HP: 12/33 MP: 5/5
  2191 | D:3      | Found a faded altar of an unknown god.
  2199 | D:3      | Got Plato's Vellum of Quicksand
  2217 | D:3      | Reached skill level 4 in Fighting
  2220 | D:3      | Learned a level 1 spell: Sandblast
  2584 | D:3      | Reached XP level 6. HP: 25/38 MP: 6/6
  2910 | D:4      | Noticed Pikel
  3037 | D:5      | Entered Level 5 of the Dungeon
  3080 | D:5      | Found a runed translucent door.
  3086 | D:5      | Noticed ChrisAssaf's ghost (novice DjIE)
  3347 | D:4      | Killed Pikel
  3348 | D:4      | Reached skill level 6 in Fighting
  3348 | D:4      | Reached XP level 7. HP: 23/46 MP: 7/7
  3348 | D:4      | Reached XP level 8. HP: 25/51 MP: 8/8
  4429 | D:5      | Reached skill level 5 in Maces & Flails
  4497 | D:4      | Reached skill level 7 in Fighting
  5112 | D:6      | Noticed Prince Ribbit
  5323 | D:6      | Reached XP level 9. HP: 49/57 MP: 9/9
  5695 | D:6      | Reached skill level 5 in Armour
  6036 | D:7      | Reached skill level 8 in Fighting
  6285 | D:7      | Found a sand-covered staircase.
  6292 | Ossuary  | Entered an ossuary
  6425 | Ossuary  | Reached skill level 5 in Throwing
  6425 | Ossuary  | Reached skill level 5 in Dodging
  6723 | D:7      | Found a basalt altar of Yredelemnul.
  6735 | D:7      | Found Ihutrog's Antique Armour Emporium.
  6762 | D:7      | Reached skill level 9 in Fighting
  6777 | D:7      | Bought a pair of runed boots for 172 gold pieces
  7202 | D:6      | Reached XP level 10. HP: 60/66 MP: 10/10
  7254 | D:7      | Killed Prince Ribbit
  7365 | D:8      | Found a viscous altar of Jiyva.
  7405 | D:8      | Found a transporter.
  7405 | D:8      | Found a transporter.
  7482 | D:8      | Noticed Psyche
  7499 | Abyss:1  | Cast into level 1 of the Abyss (Psyche)
  7559 | Abyss:1  | Found a corrupted altar of Lugonu.
  7600 | Abyss:1  | Noticed an orange demon
  7613 | Abyss:2  | Noticed a profane servitor
  7630 | Abyss:2  | HP: 2/66 [profane servitor/+1 whip (8)]
  7630 | Abyss:2  | Slain by a profane servitor

Illustrated notes

Levels and vault maps discovered:
D:1:      saegor_arrival_simple_b, layout_basic, nicolae_figureground_sparkle
D:2:      layout_basic
D:3:      layout_basic, shapermc_ecumenical_altar_rom_forum,
          dreamdust_princess_bridge, minmay_misc_feat_doors,
          corexii_item_surrounded_by_moat, chequers_serial_rivers_marsh,
          kennysheep_generic_room_16
D:4:      layout_loops_cross, uniq_pikel
D:5:      minmay_diamond_boxcup, layout_basic, gammafunk_ghost_grave,
          kennysheep_doodads, nicolae_elevator_lobby_plus
D:6:      layout_cave_pods, minmay_temple_entry_from_below_a,
          uniq_prince_ribbit1
D:7:      layout_loops_ring, lemuel_round_altar, chequers_ossuary_entry_cave,
          serial_shops, nicolae_shop_just_a_little_nook
D:8:      gammafunk_jiyva_shrine, layout_basic, kennysheep_okawaru_gauntlet,
          uniq_psyche, uniq_erica
Abyss:2:  base:
Temple

Skill      XL: |  1  2  3  4  5  6  7  8  9 |
---------------+----------------------------+-----
Throwing       | 2 3 4 5 |  5.7
Armour         | 1 2 3 4 6 |  6.4
Fighting       | 3 4 6 7 9 |  9.6
Dodging        | 3 4 5 |  5.0
Maces & Flails | 4 5 6 |  6.6

Action                     |  1- 3 |  4- 6 |  7- 9 | 10-12 || total
---------------------------+-------+-------+-------+-------++-------
  Melee: Flail             |    87 |   207 |    51 |    50 ||   395
         Punch             |       |     6 |    12 |       ||    18
         Whip              |       |       |   500 |       ||   500
  Throw: Javelin           |     1 |       |     1 |       ||     2
         Throwing net      |     1 |     3 |       |       ||     4
         Boomerang         |       |       |     2 |       ||     2
         Dart              |       |       |       |     4 ||     4
    Use: Potion            |       |     3 |       |       ||     3
         Scroll            |       |     1 |    11 |       ||    12
 Armour: Leather armour    |    54 |    39 |   163 |    23 ||   279
         Ring mail         |       |    72 |       |       ||    72
  Dodge: Dodged            |    74 |   152 |   357 |    52 ||   635
